 Dungeon Crawl Stone Soup version 0.24.0-13-gcf9b3192b9 (webtiles) character file.

Game seed: 9038450106192130137, levelgen mode: deterministic

39809 Lanoc the Carver (level 13, -3/139 HPs)
             Began as a Troll Wanderer on Nov 9, 2019.
             Was a High Priest of the Shining One.
             Slain by a hell knight
             ... wielding a +5 demon whip
              (10 damage)
             ... on level 15 of the Dungeon.
             The game lasted 00:49:47 (15733 turns).

Lanoc the Carver (Troll Wanderer)                  Turns: 15733, Time: 00:49:48

Health: -3/139     AC:  8    Str: 32    XL:     13   Next: 71%
Magic:  0/17       EV: 17    Int:  7    God:    the Shining One [*****.]
Gold:   979        SH:  0    Dex: 19    Spells: 12/12 levels left

rFire    . . .     SeeInvis .   H - +0 scimitar (flame)
rCold    + . .     Gourm    +   (no shield)
rNeg     + + .     Faith    .   (armour restricted)
rPois    .         Spirit   +   D - +1 hat
rElec    .         Reflect  .   A - +2 cloak of Mysticism {-Cast Str+5 Dex+5}
rCorr    .         Harm     .   (gloves unavailable)
MR       .....     NoCast   +   (boots unavailable)
Stlth    +.........             P - amulet of guardian spirit
HPRegen  0.73/turn              K - ring of protection from cold
MPRegen  0.15/turn              w - +4 ring of strength

@: glowing, studying 2 skills
A: large, unfitting armour, claws 3, fast metabolism 3, gourmand, regeneration
1, shaggy fur 1, tough skin 3
a: Divine Shield, Cleansing Flame, Summon Divine Warrior, Renounce Religion


You were on level 15 of the Dungeon.
You worshipped the Shining One.
The Shining One was extremely pleased with you.
You were completely stuffed.

You visited 2 branches of the dungeon, and saw 16 of its levels.
You also visited: Bailey and Ice Cave.

You collected 1435 gold pieces.
You spent 456 gold pieces at shops.

Inventory:

Hand Weapons
 b - a +0 shortbow
 H - a +0 scimitar of flaming (weapon)
Missiles
 c - 406 arrows
 y - a silver boomerang (quivered)
 E - 16 large rocks
 Q - 14 curare-tipped darts
 S - 7 javelins
Armour
 r - a +1 robe of positive energy
 A - the +2 cloak of Mysticism (worn) {-Cast Str+5 Dex+5}
   (You bought it in a shop on level 7 of the Dungeon)

   It affects your strength (+5).
   It affects your dexterity (+5).
   It prevents spellcasting.
 D - a +1 hat (worn)
 I - a scarf of resistance
 L - the +1 robe "Feameah" {rElec rN++ MR- rCorr}
   (You found it in an ice cave)

   It insulates you from electricity.
   It greatly protects you from negative energy.
   It affects your resistance to hostile enchantments.
   It provides partial protection from all sources of acid and corrosion.
 N - a +0 animal skin of cold resistance
 R - a +1 robe of magic resistance
Jewellery
 j - a cursed ring of fire
 w - a +4 ring of strength (right claw)
 z - an uncursed ring of protection from fire
 K - a ring of protection from cold (left claw)
 P - an amulet of guardian spirit (around neck)
Wands
 i - a wand of paralysis (6)
 n - a wand of polymorph (9)
 x - a wand of digging (9)
 B - a wand of acid (3)
 C - a wand of enslavement (11)
 F - a wand of disintegration (14)
Scrolls
 d - a scroll of fog
 g - 3 scrolls of amnesia
 h - 4 scrolls of identify
 l - 6 scrolls of enchant weapon
 m - 8 scrolls of teleportation
 t - 2 scrolls of immolation
 u - 3 scrolls of enchant armour
 v - 6 scrolls of remove curse
Potions
 e - a potion of mutation
 o - 2 potions of brilliance
 q - a potion of haste
 M - a potion of cancellation
 O - a potion of heal wounds
Books
 G - a manual of Fighting
 J - a manual of Armour
Miscellaneous
 k - a crystal ball of energy
Comestibles
 f - 32 rations


   Skills:
 + Level 11.7 Fighting
 * Level 13.3 Long Blades
 - Level 1.7 Throwing
 + Level 9.6 Dodging
 + Level 7.9 Invocations


You had 12 spell levels left.
You didn't know any spells.
Your spell library contained the following spells:

 Spells                   Type           Power        Failure   Level  Hunger
 Animate Skeleton         Necr           N/A          43%         1    ##.....
 Apportation              Tloc           #.....       43%         1    ##.....
 Confusing Touch          Hex            #.....       43%         1    ##.....
 Corona                   Hex            #......      43%         1    ##.....
 Summon Butterflies       Summ           #.......     43%         1    ##.....
 Summon Small Mammal      Summ           #...         43%         1    ##.....
 Ensorcelled Hibernation  Hex/Ice        #.....       56%         2    ###....
 Confuse                  Hex            #.......     80%         3    ####...
 Dazzling Spray           Conj/Hex       #.....       80%         3    ####...
 Lesser Beckoning         Tloc           #.........   80%         3    ####...
 Tukima's Dance           Hex            #.......     80%         3    ####...
 Cause Fear               Hex            #.........   99%         4    #####..
 Alistair's Intoxication  Tmut/Pois      #.......     100%        5    ######.
 Silence                  Hex/Air        #.........   100%        5    ######.
 Yara's Violent Unravell  Hex/Tmut       #.........   100%        5    ######.
 Deflect Missiles         Chrm/Air       #.........   100%        6    #######
 Invisibility             Hex            #.......     100%        6    #######
 Discord                  Hex            #.........   100%        8    #######


Dungeon Overview and Level Annotations

Branches:
Dungeon (15/15)            Temple (1/1) D:5            Lair (0/6) D:8
    Orc (0/2) D:12         Vaults (0/5) D:13         Depths (0/5) D:15
 Bailey (visited)           IceCv (visited)

Altars:
Ashenzari
Cheibriados
Dithmenos
Elyvilon
Fedhas
Gozag
Hepliaklqana
Kikubaaqudgha
Makhleb
Nemelex Xobeh
Okawaru
Qazlal
Ru
Sif Muna
Trog
Uskayaw
Vehumet
Wu Jian
Xom
Yredelemnul
Zin
The Shining One

Shops:
D:7 *!}   D:11 }

Annotations:
D:7 2 transporters, Rayvis's ghost, novice MiFi
D:13 3 runed translucent doors, Akransas's ghost, journeyman DDMo
D:15 exclusion: obsidian statue


Innate Abilities, Weirdness & Mutations

You are too large for most types of armour.
You have claws for hands.
Your metabolism is lightning-fast.
You like to eat raw meat.
Your natural rate of healing is unusually fast.
You are covered in fur. (AC +1)
You have extremely tough skin. (AC +3)


Message History

The hell knight is heavily wounded.
You hear a shout!
You hear a screech!
The hell knight hits you with a +5 demon whip!
You hear a screech!
You hit the hell knight.
The hell knight is heavily wounded.
The hell knight hits you with a +5 demon whip!!
You hear a screech!
You hit the hell knight but do no damage.
The hell knight is heavily wounded.
The hell knight hits you with a +5 demon whip!!
The hell knight hits you with a +5 demon whip!!
The hell knight points at you and mumbles some strange words.
The bolt of fire hits the hell knight.
The hell knight completely resists.
The bolt of fire hits you!!!
* * * LOW HITPOINT WARNING * * *
The hell knight shouts!
A rust devil comes into view.
The hell knight hits you with a +5 demon whip!
You die...

#..............#.....# #)#
..........###.#.#.#..# #[###.##
..........##...#...#.# #.......
....[...#.####.#.....#####.###.#.
#...###.#......#⌠..#.....#.......
#... #.######.####.####.#.###.#.
#.. ##'######.4...#..>#...#
##......####.#.....#...#
#.......p..#@#.#...#...###.#.
....##'##.p.#..#.#.#.#...... .
#...##.)#.....#...###...
#☼.4.☼#..#####.#.........
###'###....# #.#...###... ...
#.#..####...## . .8.
#.#........## ..4 #.##.#######
..._8#.##.#


You could see a hell knight and a rust devil.

Vanquished Creatures
  Kirke (D:12)
  3 vault guards (D:13)
  A hydra (D:12)
  4 centaur warriors
  An ogre mage (D:11)
  6 two-headed ogres
  A tengu warrior (D:15)
  Sonja (D:13)
  A deep elf knight (D:13)
  2 sixfirhies (D:15)
  An unseen horror (D:12)
  A deep troll (D:15)
  2 ugly things
  2 orc sorcerers (D:13)
  2 manticores
  3 cyclopes
  2 orange demons (D:15)
  Joseph (D:8)
  A guardian serpent (shapeshifter) (D:13)
  2 gargoyles
  2 rime drakes (IceCv)
  2 komodo dragons
  A hellwing (D:15)
  An ice devil (D:15)
  9 trolls
  8 polar bears (IceCv)
  A hornet (D:10)
  6 hippogriffs
  A spriggan (D:7)
  A shadow (D:15)
  A ynoxinul (D:15)
  A vampire (D:13)
  A wraith (D:11)
  15 yaks
  A hog (D:12)
  A basilisk (shapeshifter) (D:13)
  A human (D:13)
  A hungry ghost (D:8)
  4 vampire mosquitoes (D:15)
  2 acid dragons
  Duvessa (D:5)
  A sky beast (D:6)
  21 orc warriors
  2 ice beasts
  6 ogres
  3 phantoms
  9 wolves (IceCv)
  13 centaurs
  2 big kobolds
  2 crocodiles
  9 bullfrogs
  A gnoll sergeant (D:10)
  A wyvern zombie (D:12)
  Dowan (D:5)
  A scorpion (D:6)
  8 killer bees
  8 howler monkeys
  7 crimson imps
  An electric eel (D:11)
  A quasit (D:11)
  4 centaur zombies
  4 jellies
  3 centaur skeletons
  2 hounds
  A bullfrog skeleton (D:12)
  6 orc priests
  Crazy Yiuf (D:2)
  Ijyb (D:5)
  16 orc wizards
  2 iguanas
  9 worker ants
  A killer bee zombie (D:4)
  A hound zombie (D:7)
  A hound skeleton (D:9)
  Robin (D:3)
  21 gnolls
  2 howler monkey skeletons
  9 adders
  3 shadow imps
  3 oozes
  2 adder skeletons
  A worm (D:4)
  3 dart slugs
  5 leopard geckos
  62 orcs
  10 bats
  7 giant cockroaches
  15 goblins
  13 hobgoblins
  14 jackals
  3 quokkas
  A ball python (D:2)
  2 frilled lizards
  A giant cockroach zombie (D:4)
  A jackal skeleton (D:5)
  16 kobolds
  A quokka skeleton (D:6)
  A quokka zombie (D:5)
  4 rats
449 creatures vanquished.

Vanquished Creatures (others)
  A sixfirhy (D:15)
  A rime drake (IceCv)
  4 polar bears (IceCv)
  A yak (IceCv)
  A wolf (IceCv)
8 creatures vanquished.

Grand Total: 457 creatures vanquished

Notes
Turn   | Place    | Note
-------+----------+-------------------------------------------
     0 | D:1      | Lanoc the Troll Wanderer began the quest for the Orb.
     0 | D:1      | Lanoc set off with the following items: a +2 falchion, a +0
                  | shortbow, 24 arrows, a potion of curing, a +0 robe, 2
                  | rations
     0 | D:1      | Reached XP level 1. HP: 23/23 MP: 0/0
    66 | D:1      | Reached XP level 2. HP: 31/31 MP: 1/1
   268 | D:1      | Reached skill level 3 in Long Blades
   368 | D:1      | Reached XP level 3. HP: 37/37 MP: 2/2
   594 | D:2      | Found a runed translucent door.
   595 | D:2      | Noticed Crazy Yiuf
   736 | D:2      | Found a burning altar of Makhleb.
   742 | D:2      | Reached XP level 4. HP: 46/46 MP: 3/3
   988 | D:2      | Found a blossoming altar of Fedhas.
  1076 | D:2      | Killed Crazy Yiuf
  1224 | D:3      | Noticed Robin
  1282 | D:3      | Killed Robin
  1282 | D:3      | Reached XP level 5. HP: 31/54 MP: 4/4
  1604 | D:3      | Reached skill level 4 in Long Blades
  1846 | D:4      | Found a shimmering altar of Xom.
  1878 | D:4      | Reached XP level 6. HP: 31/62 MP: 5/5
  2157 | D:3      | Reached skill level 5 in Long Blades
  2157 | D:3      | Reached XP level 7. HP: 41/71 MP: 6/6
  2713 | D:5      | Entered Level 5 of the Dungeon
  2878 | D:5      | Found a staircase to the Ecumenical Temple.
  2907 | D:5      | Noticed Duvessa
  2919 | Temple   | Entered the Ecumenical Temple
  3054 | Temple   | Became a worshipper of the Shining One
  3091 | D:5      | Noticed Dowan
  3105 | D:5      | Noticed Ijyb
  3105 | D:5      | Paralysed by Ijyb for 6 turns
  3122 | D:5      | Killed Ijyb
  3154 | D:5      | Killed Duvessa
  3154 | D:5      | Reached skill level 5 in Fighting
  3160 | D:5      | Killed Dowan
  3160 | D:5      | Reached skill level 6 in Long Blades
  3160 | D:5      | Reached XP level 8. HP: 30/80 MP: 7/7
  3313 | D:5      | Found a hazy altar of Hepliaklqana.
  4238 | D:6      | Reached * piety under the Shining One
  4370 | D:6      | Reached skill level 7 in Long Blades
  4734 | D:7      | Found Cakk's Gadget Shop.
  4734 | D:7      | Noticed a purple ugly thing
  4892 | D:7      | Noticed a hippogriff
  4922 | D:6      | Killed a hippogriff
  4922 | D:6      | Reached XP level 9. HP: 34/89 MP: 8/8
  5025 | D:7      | Killed a purple ugly thing
  5025 | D:7      | Reached skill level 5 in Dodging
  5036 | D:7      | Found a sacrificial altar of Ru.
  5051 | D:7      | Reached skill level 8 in Long Blades
  5169 | D:7      | Found a transporter.
  5169 | D:7      | Noticed Rayvis's ghost (novice MiFi)
  5265 | D:7      | Found Xofixtua's Distillery.
  5273 | D:7      | Bought a potion of might for 40 gold pieces
  5273 | D:7      | Bought a potion of heal wounds for 50 gold pieces
  5273 | D:7      | Bought a potion of heal wounds for 50 gold pieces
  5273 | D:7      | Bought a potion of heal wounds for 50 gold pieces
  5297 | D:7      | Found a transporter.
  5297 | D:7      | Found Jolic's Assorted Antiques.
  5315 | D:7      | Bought a shimmering cloak for 266 gold pieces
  5325 | D:7      | Identified the +2 cloak of Mysticism {-Cast Str+5 Dex+5}
                  | (You bought it in a shop on level 7 of the Dungeon)
  5892 | D:8      | Found a staircase to the Lair.
  6127 | D:8      | Noticed Joseph
  6127 | D:8      | Reached ** piety under the Shining One
  6130 | D:8      | Found an opulent altar of Gozag.
  6151 | D:8      | Killed Joseph
  6256 | D:8      | Reached skill level 9 in Long Blades
  6256 | D:8      | Reached XP level 10. HP: 100/100 MP: 9/9
  6564 | D:8      | Found a bloodstained altar of Trog.
  6937 | D:10     | Entered Level 10 of the Dungeon
  7233 | D:10     | Paralysed by a hornet for 2 turns
  7238 | D:10     | Reached skill level 1 in Invocations
  8654 | D:11     | Reached *** piety under the Shining One
  8657 | D:11     | Noticed a cyclops
  8660 | D:11     | Found Usuqaok's Gadget Emporium.
  8687 | D:11     | Reached skill level 10 in Long Blades
  8715 | D:11     | Killed a cyclops
  8880 | D:11     | Found a flagged portal.
  8900 | Bailey   | Entered a bailey
  9155 | Bailey   | Reached XP level 11. HP: 83/110 MP: 12/12
 10093 | D:11     | Noticed a two-headed ogre
 10097 | D:11     | Noticed a two-headed ogre
 10112 | D:11     | Killed a two-headed ogre
 10115 | D:11     | Noticed an ogre mage
 10122 | D:11     | Killed a two-headed ogre
 10134 | D:11     | Killed an ogre mage
 10427 | D:11     | Reached skill level 11 in Long Blades
 10592 | D:12     | Noticed a six-headed hydra
 10601 | D:12     | Killed a one-headed hydra
 10708 | D:12     | Reached skill level 5 in Invocations
 10727 | D:12     | Found a frozen archway.
 10738 | IceCv    | Entered an ice cave
 10919 | IceCv    | Got a thick robe
 10942 | IceCv    | Identified the +1 robe "Feameah" {rElec rN++ MR- rCorr}
                  | (You found it in an ice cave)
 11027 | IceCv    | Reached XP level 12. HP: 25/123 MP: 14/14
 11502 | IceCv    | Reached **** piety under the Shining One
 11502 | IceCv    | Noticed a white draconian
 12348 | D:12     | Noticed a two-headed ogre
 12348 | D:12     | Noticed a centaur warrior
 12372 | D:12     | Killed a centaur warrior
 12378 | D:12     | Reached skill level 10 in Fighting
 12387 | D:12     | Killed a two-headed ogre
 12414 | D:12     | Reached skill level 12 in Long Blades
 12700 | D:12     | Found a staircase to the Orcish Mines.
 12905 | D:13     | Noticed a centaur warrior
 12914 | D:13     | Killed a centaur warrior
 13024 | D:13     | Found a runed translucent gate.
 13024 | D:13     | Found a runed translucent gate.
 13025 | D:13     | Found a runed translucent gate.
 13027 | D:13     | Reached ***** piety under the Shining One
 13027 | D:13     | Noticed Akransas's ghost (journeyman DDMo)
 13065 | D:13     | Noticed Kirke
 13265 | D:12     | Killed Kirke
 13586 | D:13     | Noticed a two-headed ogre
 13594 | D:13     | Killed a two-headed ogre
 13594 | D:13     | Reached XP level 13. HP: 119/136 MP: 13/17
 13927 | D:13     | Noticed Sonja
 14019 | D:13     | Killed Sonja
 14201 | D:13     | Found a gate to the Vaults.
 14656 | D:14     | You fall into a shaft and drop 1 floor!
 14656 | D:15     | Entered Level 15 of the Dungeon
 14662 | D:15     | Found a glowing silver altar of Zin.
 14846 | D:15     | Found a bloodstained altar of Trog.
 14904 | D:15     | Reached skill level 13 in Long Blades
 15157 | D:15     | Noticed an ettin
 15513 | D:15     | Found a staircase to the Depths.
 15705 | D:15     | Found a burning altar of Makhleb.
 15732 | D:15     | HP: 6/139 [hell knight/bolt of fire (36)]
 15733 | D:15     | Slain by a hell knight

Levels and vault maps discovered:
D:1:      roderic_chinese_lattice_arrival, layout_loops_cross, serial_forest,
          infiniplex_forest_lined_room_3, infiniplex_forest_straight_3,
          infiniplex_forest_clump_large, infiniplex_forest_end_double,
          infiniplex_forest_clump_long, infiniplex_forest_fountain
D:2:      layout_basic, lemuel_doored_altar, fedhas_altar_4,
          uniq_crazy_yiuf_cottage
D:3:      layout_basic, uniq_robin
D:4:      layout_rooms, overflow_temple_1_default
D:5:      layout_gridville, lemuel_round_altar,
          minmay_temple_entry_drinking_statues, first_ration, uniq_duvessa,
          uniq_ijyb
D:6:      layout_basic
D:7:      layout_cave_pools, nicolae_ru_path_of_blood, serial_shops,
          nicolae_shop_overgrown_old_shop,
          nicolae_shop_temple_entry_statues_fountains, shop,
          gammafunk_ghost_mausoleum, the_bakery, kennysheep_nub
D:8:      lemuel_upstairs_altar, layout_cave_pods,
          nicolae_gozag_cash_rules_everything_around_me, lightli_temple_of_fire,
          lair_entry_dummy, uniq_joseph
D:9:      layout_small_grid, grunt_decor_mini_mirrors, kennysheep_cross_room
D:10:     layout_loops_corners, corexii_leaking_fountain
D:11:     layout_basic, enter_bailey_3, serial_shops,
          nicolae_shop_window_shopping, kennysheep_crisscross
D:12:     layout_long_grid, david_orc_4, portal_ice_cave_entry_pillars_2,
          minmay_joined_circles
D:13:     layout_roguey, grunt_vaults_entry_fortified, gammafunk_ghost_spectres,
          uniq_sonja, uniq_kirke
D:14:     layout_basic, serial_curves, eino_curves_03, eino_curves_03,
          chequers_serial_rivers_micro_e, serial_bayou_ford_a
D:15:     hangedman_depths_entry_civil_slaughter, layout_loops_corners,
          basic_altar, serial_shops, shop, lemuel_statue_altar,
          minmay_misc_feat_x, grunt_guarded_unrand_obsidian_axe
Temple:   regret_index_temple_sphere_string

Skill      XL: |  1  2  3  4  5  6  7  8  9 10 11 12 13 |
---------------+----------------------------------------+-----
Long Blades    | 3 4 5 6 7 9 10 11 12 13 | 13.3
Dodging        | 2 3 4 6 7 8 9 |  9.6
Fighting       | 4 5 6 7 9 10 11 | 11.7
Invocations    | 3 5 6 7 |  7.9
Throwing       | |  1.7

Action                   |  1- 3 |  4- 6 |  7- 9 | 10-12 | 13-15 || total
-------------------------+-------+-------+-------+-------+-------++-------
Melee: Falchion          |   109 |   207 |   415 |   261 |       ||   992
       Scimitar          |       |       |       |   448 |   207 ||   655
       Unarmed           |       |       |       |    23 |       ||    23
Throw: Throwing net      |       |     1 |     1 |       |       ||     2
       Large rock        |       |       |       |    16 |       ||    16
       Javelin           |       |       |       |    25 |     7 ||    32
       Boomerang         |       |       |       |       |    32 ||    32
Evoke: Wand              |       |       |       |     5 |       ||     5
  Use: Potion            |       |     3 |     8 |    12 |     2 ||    25
       Scroll            |       |       |     8 |    11 |     3 ||    22
 Stab: Sleeping          |     2 |       |       |       |       ||     2
  Eat: Chunk             |    13 |    13 |    38 |    71 |    19 ||   154
       Ration            |       |       |       |     2 |       ||     2
Armor: Robe              |    67 |   116 |   131 |   215 |    14 ||   543
       Skin              |       |     2 |    45 |       |    19 ||    66
Dodge: Dodged            |    70 |   134 |   227 |   613 |   180 ||  1224
       Rpst.: Falchion   |    20 |    43 |    74 |    41 |       ||   178
       Scimitar          |       |       |       |    64 |    37 ||   101
